TOP OF THE 1ST |
---|
Key West Barracudas batting - Pitching for West Virginia Power : RHP Ricardo Gutiérrez | Pitching: RHP Ricardo Gutiérrez | | Batting: RHB Rob DeWitt | 0-0: Ball 1-0: Ball 2-0: Ball 3-0: Base on Balls | Batting: RHB Chris Adams | 0-0: Ball 1-0: 2-RUN HOME RUN (Flyball, 7LD), Distance : 340 ft | Batting: LHB Domingo Ledesma | 0-0: Ball 1-0: SOLO HOME RUN (Line Drive, 9LD), Distance : 338 ft | Batting: SHB Héctor Jiménez | 0-0: Called Strike 0-1: Ball 1-1: Foul Ball, location: 2F 1-2: Strikes out swinging | Batting: RHB John Smith | 0-0: Ball 1-0: Foul Ball, location: 2F 1-1: Swinging Strike 1-2: Ball 2-2: Strikes out looking | Batting: LHB Juan Acotia | 0-0: Called Strike 0-1: Swinging Strike 0-2: Strikes out swinging | Top of the 1st over - 3 runs, 2 hits, 0 errors, 0 left on base; Key West 3 - West Virginia 0 | BOTTOM OF THE 1ST |
---|
West Virginia Power batting - Pitching for Key West Barracudas : RHP George Bennion | Pitching: RHP George Bennion | | Batting: RHB José Maldonado | 0-0: SOLO HOME RUN (Flyball, 7D), Distance : 374 ft | Batting: RHB Joaquín Vásquez | 0-0: Foul Ball, location: 2F 0-1: Ball 1-1: Called Strike 1-2: Strikes out swinging | Batting: SHB Patrizio Batistuta | 0-0: Called Strike 0-1: Ball 1-1: Ball 2-1: Swinging Strike 2-2: Ball 3-2: Ground out 3-1 (Groundball, 34S) | Batting: RHB Joe Salas | 0-0: Ball 1-0: Ground out 1-3 (Groundball, 13) | Bottom of the 1st over - 1 run, 1 hit, 0 errors, 0 left on base; Key West 3 - West Virginia 1 | TOP OF THE 2ND |
---|
Key West Barracudas batting - Pitching for West Virginia Power : RHP James Waddell | Pitching: RHP James Waddell | | Batting: RHB Jorge Hernández | 0-0: Called Strike 0-1: SINGLE (Groundball, 56D) | Batting: LHB Mauro Díaz | 0-0: Foul Ball, location: 2F 0-1: Ball 1-1: Ball 2-1: SINGLE (Flyball, 7LS) Jorge Hernández to second | Batting: LHB Juan Lima | 0-0: Ball Jorge Hernández steals 3rd base 1-0: Grounds into double play, 4-6-3 (Groundball, 4) Jorge Hernández scores | Batting: RHB Rob DeWitt | 0-0: Called Strike 0-1: Swinging Strike 0-2: DOUBLE (Line Drive, 7LS) | Batting: RHB Chris Adams | 0-0: Ground out 6-3 (Groundball, 6) | Top of the 2nd over - 1 run, 3 hits, 0 errors, 1 left on base; Key West 4 - West Virginia 1 | BOTTOM OF THE 2ND |
---|
West Virginia Power batting - Pitching for Key West Barracudas : RHP George Bennion | Batting: RHB Rafael Ortíz | 0-0: Called Strike 0-1: Swinging Strike 0-2: Ball 1-2: Strikes out swinging | Batting: RHB Luis Árias | 0-0: SINGLE (Groundball, 4MD) | Batting: RHB Julián Garza | 0-0: Ball 1-0: Ball 2-0: Ball 3-0: Base on Balls Luis Árias to second | Batting: RHB Juan Carlos Ramos | 0-0: Ball 1-0: Foul Ball, location: 2F 1-1: Swinging Strike 1-2: Ball 2-2: Strikes out swinging | Batting: RHB Nick Mackin | 0-0: Called Strike 0-1: Ball 1-1: Foul Ball, location: 2F 1-2: Ball 2-2: Strikes out looking | Bottom of the 2nd over - 0 runs, 1 hit, 0 errors, 2 left on base; Key West 4 - West Virginia 1 | TOP OF THE 3RD |
---|
Key West Barracudas batting - Pitching for West Virginia Power : RHP James Waddell | Batting: LHB Domingo Ledesma | 0-0: Called Strike 0-1: Ball 1-1: SOLO HOME RUN (Flyball, 9LD), Distance : 324 ft | Batting: SHB Héctor Jiménez | 0-0: Ground out 6-3 (Groundball, 6) | Batting: RHB John Smith | 0-0: Ball 1-0: SINGLE (Line Drive, 5L) | Batting: LHB Juan Acotia | 0-0: Called Strike John Smith steals 2nd base 0-1: Ball 1-1: SINGLE (Line Drive, 56) John Smith to third Runner from 3rd tries for Home, SAFE, no throw | Batting: RHB Jorge Hernández | 0-0: Ball 1-0: Ground out 5-3 (Groundball, 56S) Juan Acotia to second | Batting: LHB Mauro Díaz | 0-0: Ball 1-0: Called Strike 1-1: Ball 2-1: SINGLE (Flyball, 9LS) - OUT at second base trying to stretch hit. Juan Acotia scores | Top of the 3rd over - 3 runs, 4 hits, 0 errors, 0 left on base; Key West 7 - West Virginia 1 | BOTTOM OF THE 3RD |
---|
West Virginia Power batting - Pitching for Key West Barracudas : RHP George Bennion | Batting: RHB José Maldonado | 0-0: Called Strike 0-1: Swinging Strike 0-2: Ball 1-2: Strikes out looking | Batting: RHB Joaquín Vásquez | 0-0: Ball 1-0: Called Strike 1-1: Foul Ball, location: 2F 1-2: Foul Ball, location: 2F 1-2: Ball 2-2: Foul Ball, location: 2F 2-2: Strikes out swinging | Batting: SHB Patrizio Batistuta | 0-0: Ball 1-0: Ball 2-0: Foul Ball, location: 2F 2-1: Ball 3-1: SINGLE (Groundball, 34D) | Batting: RHB Joe Salas | 0-0: Called Strike 0-1: Fielders Choice at 2nd, 6-4 (Groundball, 6) | Bottom of the 3rd over - 0 runs, 1 hit, 0 errors, 1 left on base; Key West 7 - West Virginia 1 | TOP OF THE 4TH |
---|
Key West Barracudas batting - Pitching for West Virginia Power : RHP James Waddell | Batting: LHB Juan Lima | 0-0: Ball 1-0: Ball 2-0: SINGLE (Groundball, 4MD) | Batting: RHB Rob DeWitt | 0-0: Called Strike 0-1: Ball 1-1: SINGLE (Groundball, 6M) (infield hit) Juan Lima to second | Pitching: LHP Michael Stewart | | Batting: RHB Chris Adams | 0-0: Ball 1-0: Ball 2-0: Ball 3-0: Called Strike 3-1: Base on Balls Juan Lima to third Rob DeWitt to second | Batting: LHB Domingo Ledesma | 0-0: Ball 1-0: Ball Wild Pitch! Juan Lima scores Rob DeWitt to third Chris Adams to second 2-0: Ball 3-0: Base on Balls | Batting: SHB Héctor Jiménez | 0-0: Ball 1-0: Ball 2-0: Ball 3-0: Called Strike 3-1: Called Strike 3-2: Foul Ball, location: 2F 3-2: Foul Ball, location: 2F 3-2: DOUBLE (Groundball, 5L) Rob DeWitt scores Chris Adams scores Domingo Ledesma to third Runner from 3rd tries for Home, SAFE, no throw | Batting: RHB John Smith | 0-0: Ball 1-0: Fly out, F8 (Flyball, 8LD) Runner from 2nd tags up, SAFE at 3rd with throw | Batting: LHB Juan Acotia | 0-0: Ball 1-0: Foul Ball, location: 2F 1-1: Called Strike 1-2: Foul Ball, location: 2F 1-2: Ball 2-2: Fly out, F4 (Line Drive, 4) Lined into DP, 4-5 (Line Drive, 4) | Top of the 4th over - 4 runs, 3 hits, 0 errors, 0 left on base; Key West 11 - West Virginia 1 | BOTTOM OF THE 4TH |
---|
West Virginia Power batting - Pitching for Key West Barracudas : RHP George Bennion | Batting: RHB Rafael Ortíz | 0-0: Called Strike 0-1: Ball 1-1: Swinging Strike 1-2: Ground out 5-3 (Groundball, 5S) | Batting: RHB Luis Árias | 0-0: Fly out, F9 (Flyball, 9D) | Batting: RHB Julián Garza | 0-0: Foul Ball, location: 2F 0-1: Called Strike 0-2: Ground out 4-3 (Groundball, 4) | Bottom of the 4th over - 0 runs, 0 hits, 0 errors, 0 left on base; Key West 11 - West Virginia 1 | TOP OF THE 5TH |
---|
Key West Barracudas batting - Pitching for West Virginia Power : LHP Michael Stewart | Batting: RHB Jorge Hernández | 0-0: Called Strike 0-1: SINGLE (Groundball, 6MD) | Batting: LHB Mauro Díaz | 0-0: SINGLE (Line Drive, 7S) Jorge Hernández to second | Batting: LHB Juan Lima | 0-0: Ball Jorge Hernández steals 3rd base 1-0: Foul Ball, location: 2F 1-1: Foul Ball, location: 2F 1-2: Ball 2-2: Foul Ball, location: 2F 2-2: Fly out, F4 (Flyball, 34D) | Batting: RHB Rob DeWitt | 0-0: Called Strike Mauro Díaz steals 2nd base 0-1: Called Strike 0-2: Foul Ball, location: 2F 0-2: 3-RUN HOME RUN (Flyball, 7LD), Distance : 331 ft | Batting: RHB Chris Adams | 0-0: Ground out 4-3 (Groundball, 4) | Batting: LHB Domingo Ledesma | 0-0: Foul Ball, location: 2F 0-1: Ball 1-1: Foul Ball, location: 2F 1-2: Ball 2-2: Ball 3-2: Base on Balls | Batting: SHB Héctor Jiménez | 0-0: Ball 1-0: Ball 2-0: Foul Ball, location: 2F 2-1: Ball 3-1: Base on Balls Domingo Ledesma to second | Batting: RHB John Smith | 0-0: Called Strike 0-1: Fly out, F4 (Popup, 4MD) | Top of the 5th over - 3 runs, 3 hits, 0 errors, 2 left on base; Key West 14 - West Virginia 1 | BOTTOM OF THE 5TH |
---|
West Virginia Power batting - Pitching for Key West Barracudas : RHP George Bennion | Batting: RHB Juan Carlos Ramos | 0-0: Called Strike 0-1: Swinging Strike 0-2: Ball 1-2: Foul Ball, location: 2F 1-2: Foul Ball, location: 2F 1-2: Fly out, F9 (Line Drive, 9S) | Batting: RHB Nick Mackin | 0-0: Foul Ball, location: 2F 0-1: Fly out, F7 (Line Drive, 78D) | Batting: RHB José Maldonado | 0-0: Called Strike 0-1: Swinging Strike 0-2: Foul Ball, location: 2F 0-2: Ground out 6-3 (Groundball, 6) | Bottom of the 5th over - 0 runs, 0 hits, 0 errors, 0 left on base; Key West 14 - West Virginia 1 | TOP OF THE 6TH |
---|
Key West Barracudas batting - Pitching for West Virginia Power : LHP Michael Stewart | Pitching: RHP António Zapata | | Batting: LHB Juan Acotia | 0-0: Called Strike 0-1: Ball 1-1: SINGLE (Groundball, 4MD) | Batting: RHB Jorge Hernández | 0-0: Ball 1-0: SINGLE (Groundball, 3) (infield hit) Juan Acotia to second | Batting: LHB Mauro Díaz | 0-0: Called Strike 0-1: Ball 1-1: Ball 2-1: Foul Ball, location: 2F 2-2: Ball 3-2: SINGLE (Groundball, 34D) Juan Acotia to third Jorge Hernández to second Runner from 3rd tries for Home, throw and OUT! | Batting: LHB Juan Lima | 0-0: Called Strike 0-1: Ball 1-1: Swinging Strike 1-2: Foul Ball, location: 2F 1-2: Ball 2-2: Grounds into double play, 3-6-3 (Groundball, 3) | Top of the 6th over - 0 runs, 3 hits, 0 errors, 1 left on base; Key West 14 - West Virginia 1 | BOTTOM OF THE 6TH |
---|
West Virginia Power batting - Pitching for Key West Barracudas : RHP George Bennion | Batting: RHB Joaquín Vásquez | 0-0: Foul Ball, location: 2F 0-1: Ball 1-1: Ball 2-1: Ground out 6-3 (Groundball, 56) | Pitching: RHP Bob Schneider | | Batting: SHB Patrizio Batistuta | 0-0: Ball 1-0: Ball 2-0: DOUBLE (Line Drive, 89D) | Batting: RHB Joe Salas | 0-0: Called Strike 0-1: Ball 1-1: Ball 2-1: Ball 3-1: Base on Balls | Batting: RHB Rafael Ortíz | 0-0: Foul Ball, location: 2F 0-1: Swinging Strike 0-2: Strikes out swinging | Batting: RHB Luis Árias | 0-0: Foul Ball, location: 2F 0-1: Ball 1-1: SINGLE (Groundball, 6MD) Patrizio Batistuta to third Joe Salas to second Runner from 3rd tries for Home, SAFE, no throw | Batting: RHB Julián Garza | 0-0: Swinging Strike 0-1: Swinging Strike 0-2: Strikes out swinging | Bottom of the 6th over - 1 run, 2 hits, 0 errors, 2 left on base; Key West 14 - West Virginia 2 | TOP OF THE 7TH |
---|
Key West Barracudas batting - Pitching for West Virginia Power : RHP António Zapata | Batting: RHB Rob DeWitt | 0-0: Called Strike 0-1: Swinging Strike 0-2: Ball 1-2: Ball 2-2: Ball 3-2: Foul Ball, location: 2F 3-2: Foul Ball, location: 2F 3-2: Foul Ball, location: 2F 3-2: Foul Ball, location: 2F 3-2: Foul Ball, location: 2F 3-2: Foul Ball, location: 2F 3-2: Foul Ball, location: 2F 3-2: Foul Ball, location: 2F 3-2: Strikes out swinging | Batting: RHB Chris Adams | 0-0: Ball 1-0: Ball 2-0: Foul Ball, location: 2F 2-1: Ground out 4-3 (Groundball, 4) | Batting: LHB Domingo Ledesma | 0-0: Ground out 1-3 (Groundball, P) | Top of the 7th over - 0 runs, 0 hits, 0 errors, 0 left on base; Key West 14 - West Virginia 2 | BOTTOM OF THE 7TH |
---|
West Virginia Power batting - Pitching for Key West Barracudas : RHP Bob Schneider | Batting: RHB Juan Carlos Ramos | 0-0: Ball 1-0: Ball 2-0: Foul Ball, location: 2F 2-1: Ball 3-1: Called Strike 3-2: Base on Balls | Batting: RHB Nick Mackin | 0-0: Called Strike 0-1: Fielders Choice at 2nd, 3-6 (Groundball, 34) | Batting: RHB José Maldonado | 0-0: Called Strike Nick Mackin steals 2nd base 0-1: Ball 1-1: Called Strike 1-2: Ball 2-2: Foul Ball, location: 2F 2-2: Strikes out swinging | Batting: RHB Joaquín Vásquez | 0-0: Swinging Strike 0-1: Foul Ball, location: 2F 0-2: Ball 1-2: Ball 2-2: Foul Ball, location: 2F 2-2: Foul Ball, location: 2F 2-2: Ground out 5-3 (Groundball, 56) | Bottom of the 7th over - 0 runs, 0 hits, 0 errors, 1 left on base; Key West 14 - West Virginia 2 | TOP OF THE 8TH |
---|
Key West Barracudas batting - Pitching for West Virginia Power : RHP António Zapata | Batting: SHB Héctor Jiménez | 0-0: Ball 1-0: Ball 2-0: Ball 3-0: Base on Balls | Batting: RHB John Smith | 0-0: Ball 1-0: Swinging Strike 1-1: Ball 2-1: SINGLE (Groundball, 34D) Héctor Jiménez to second Runner from 2nd tries for 3rd, SAFE, throw made to third | Batting: LHB Juan Acotia | 0-0: Fielders Choice at 2nd, 6-4 (Groundball, 6M) Héctor Jiménez scores | Batting: RHB Jorge Hernández | 0-0: Called Strike Juan Acotia steals 2nd base 0-1: Swinging Strike 0-2: Ball 1-2: Ball 2-2: Ball 3-2: Strikes out swinging | Batting: LHB Mauro Díaz | 0-0: Ball 1-0: Ball 2-0: Ball 3-0: Base on Balls | Batting: LHB Juan Lima | 0-0: Fly out, F7 (Flyball, 7S) | Top of the 8th over - 1 run, 1 hit, 0 errors, 2 left on base; Key West 15 - West Virginia 2 | BOTTOM OF THE 8TH |
---|
West Virginia Power batting - Pitching for Key West Barracudas : RHP Bob Schneider | Batting: SHB Patrizio Batistuta | 0-0: Ball 1-0: Foul Ball, location: 2F 1-1: DOUBLE (Line Drive, 8RXD) | Batting: RHB Joe Salas | 0-0: Called Strike 0-1: SINGLE (Line Drive, 7S) Patrizio Batistuta to third | Batting: RHB Rafael Ortíz | 0-0: Called Strike 0-1: Called Strike 0-2: Foul Ball, location: 2F 0-2: Foul Ball, location: 2F 0-2: Fly out, F3 (Popup, 23F) | Batting: RHB Luis Árias | 0-0: Swinging Strike 0-1: Foul Ball, location: 2F 0-2: Foul Ball, location: 2F 0-2: Foul Ball, location: 2F 0-2: Foul Ball, location: 2F 0-2: Ball 1-2: Ball 2-2: Grounds into double play, 4-6-3 (Groundball, 4) | Bottom of the 8th over - 0 runs, 2 hits, 0 errors, 1 left on base; Key West 15 - West Virginia 2 | TOP OF THE 9TH |
---|
Key West Barracudas batting - Pitching for West Virginia Power : RHP António Zapata | Batting: RHB Rob DeWitt | 0-0: Swinging Strike 0-1: Ground out 1-3 (Groundball, 13) | Batting: RHB Chris Adams | 0-0: Ball 1-0: Called Strike 1-1: Ball 2-1: DOUBLE (Line Drive, 8RD) | Batting: LHB Domingo Ledesma | 0-0: Ball 1-0: Ball 2-0: Ball 3-0: Base on Balls | Batting: SHB Héctor Jiménez | 0-0: Foul Ball, location: 2F 0-1: Ball 1-1: Ball 2-1: Ball 3-1: Called Strike 3-2: Base on Balls Chris Adams to third Domingo Ledesma to second | Pitching: RHP Miguel Cardoza | | Batting: RHB John Smith | 0-0: Ball 1-0: Grounds into double play, 6-4-3 (Groundball, 6) | Top of the 9th over - 0 runs, 1 hit, 0 errors, 2 left on base; Key West 15 - West Virginia 2 | BOTTOM OF THE 9TH |
---|
West Virginia Power batting - Pitching for Key West Barracudas : RHP Bob Schneider | Batting: RHB Julián Garza | 0-0: Ball 1-0: Ball 2-0: Ball 3-0: Base on Balls | Pitching: RHP Gabe Lewis | | Batting: RHB Juan Carlos Ramos | 0-0: Called Strike 0-1: Ball 1-1: Ball 2-1: Swinging Strike 2-2: Foul Ball, location: 2F 2-2: Foul Ball, location: 2F 2-2: Fly out, F7 (Flyball, 78M) | Batting: RHB Nick Mackin | 0-0: Called Strike 0-1: Swinging Strike 0-2: Foul Ball, location: 2F 0-2: Ball 1-2: Strikes out swinging | Batting: RHB José Maldonado | 0-0: Foul Ball, location: 2F 0-1: Foul Ball, location: 2F 0-2: Ball 1-2: Foul Ball, location: 2F 1-2: Strikes out swinging | Bottom of the 9th over - 0 runs, 0 hits, 0 errors, 1 left on base; Key West 15 - West Virginia 2 | |